 Dungeon Crawl Stone Soup version 0.25-a0-1133-g93ebf739aa (webtiles) character file.

Game seed: 611123493247534771, levelgen mode: deterministic

19905 Gwenloh the Merchant of Misery (level 12, -3/106 HPs)
             Began as a Deep Dwarf Necromancer on May 19, 2020.
             Was a Believer of Kikubaaqudgha.
             Slain by an eight-headed hydra (5 damage)
             ... on level 3 of the Lair of Beasts on May 21, 2020.
             The game lasted 02:02:59 (22006 turns).

Gwenloh the Merchant of Misery (DDNe)              Turns: 22006, Time: 02:03:02

Health: -3/106     AC:  7    Str: 14    XL:     12   Next: 40%
Magic:  20/23      EV: 19    Int: 25    God:    Kikubaaqudgha [**....]
Gold:   495        SH:  0    Dex: 19    Spells: 7/28 levels left

rFire    + . .     SeeInvis .   a - +7 quarterstaff (chaos)
rCold    + . .     Gourm    .   (shield currently unavailable)
rNeg     . . .     Faith    .   I - +1 robe {rC+ rF+}
rPois    .         Spirit   .   R - +0 helmet (curse)
rElec    .         Reflect  .   p - scarf {+Inv}
rCorr    .         Harm     .   (no gloves)
MR       +....                  H - +2 pair of boots of the Iron Devil {Str+2 Int+4}
Stlth    ++++......             G - amulet of the acrobat
HPRegen  0.00/turn              C - ring of flight
MPRegen  0.18/turn              J - +6 ring of dexterity

@: non-regenerating
A: damage resistance, heal wounds, sense surroundings 2, no regeneration
a: Heal Wounds, Receive Corpses, Renounce Religion, Evoke Invisibility, Evoke
Flight


You were on level 3 of the Lair of Beasts.
You worshipped Kikubaaqudgha.
Kikubaaqudgha was pleased with you.
You were not hungry.

You visited 3 branches of the dungeon, and saw 13 of its levels.
You also visited: Sewer.

You collected 717 gold pieces.
You spent 222 gold pieces at shops.

Inventory:

Hand Weapons
 a - a +7 quarterstaff of chaos (weapon)
 b - a +1 hunting sling of flaming
 q - a +0 dagger of venom
 O - a +0 spear
Missiles
 j - 379 stones
 v - 46 sling bullets
 F - a silver boomerang (quivered)
Armour
 p - a scarf of invisibility (worn)
 r - a +0 helmet
 w - a +0 cloak
 H - the +2 pair of boots of the Iron Devil (worn) {Str+2 Int+4}
   (You found it on level 7 of the Dungeon)

   It affects your strength (+2).
   It affects your intelligence (+4).
 I - a +1 robe of resistance (worn)
 R - a cursed +0 helmet (worn)
Magical Staves
 U - an uncursed staff of energy {unknown}
Jewellery
 C - a ring of flight (left hand)
 G - an amulet of the acrobat (around neck)
 J - a +6 ring of dexterity (right hand)
Wands
 i - a wand of flame (29)
 u - a wand of clouds (5)
 x - a wand of polymorph (10)
 E - a wand of digging (4)
 M - a wand of paralysis (9)
 P - a wand of random effects (13)
 V - a wand of enslavement (10)
Scrolls
 d - 7 scrolls of teleportation
 g - 8 scrolls of remove curse
 h - 2 scrolls of immolation
 n - 3 scrolls of fear
 s - 3 scrolls of blinking
 y - a scroll of fog
 B - a scroll of summoning {unknown}
 D - 7 scrolls of magic mapping
 N - a scroll of noise {unknown}
 Q - a scroll of identify
 S - a scroll of holy word {unknown}
 W - a scroll of acquirement {unknown}
 X - a scroll of amnesia {unknown}
Potions
 e - 2 potions of lignification {unknown}
 f - 3 potions of haste
 k - 7 potions of degeneration
 l - 4 potions of might {unknown}
 m - 5 potions of flight {unknown}
 o - 2 potions of invisibility {unknown}
 t - a potion of magic {unknown}
 z - 3 potions of mutation {unknown}
 A - 5 potions of stabbing {unknown}
 K - 8 potions of curing {unknown}
 L - 4 potions of brilliance {unknown}
 T - a potion of ambrosia {unknown}
Comestibles
 c - 24 rations


   Skills:
 + Level 6.5 Fighting
 + Level 6.0 Staves
 + Level 4.9 Slings
 + Level 8.3 Dodging
 - Level 8.0 Stealth
 * Level 8.9 Spellcasting
 * Level 11.9 Necromancy
 + Level 5.1 Evocations


You had 7 spell levels left.
You knew the following spells:

 Your Spells              Type           Power        Failure   Level  Hunger
a - Pain                  Necr           ####         1%          1    None
b - Animate Skeleton      Necr           N/A          1%          1    None
c - Vampiric Draining     Necr           ######....   1%          3    None
d - Animate Dead          Necr           N/A          1%          4    ##.....
e - Agony                 Necr           ######..     1%          5    ####...
f - Excruciating Wounds   Chrm/Necr      #####.....   13%         5    ####...
g - Corpse Rot            Necr/Air       N/A          1%          2    None

Your spell library contained the following spells:

 Spells                   Type           Power        Failure   Level  Hunger
 Sublimation of Blood     Necr           ######....   1%          2    None
 Dispel Undead            Necr           ######..     1%          4    ##.....
 Confusing Touch          Hex            ##......     17%         3    None
 Gell's Gravitas          Tloc           ##........   17%         3    None
 Petrify                  Tmut/Erth      ##......     50%         4    ##.....
 Metabolic Englaciation   Hex/Ice        ##........   83%         5    ####...
 Yara's Violent Unravell  Hex/Tmut       ##........   83%         5    ####...


Dungeon Overview and Level Annotations

Branches:
Dungeon (9/15)             Temple (1/1) D:5            Lair (3/6) D:8
    Orc (0/2) D:9           Sewer (visited)
  Swamp: Lair:2-4    Shoals: Lair:2-4     Snake: Lair:2-4    Spider: Lair:2-4

Altars:
Cheibriados
Dithmenos
Elyvilon
Fedhas
Gozag
Hepliaklqana
Kikubaaqudgha
Makhleb
Nemelex Xobeh
Okawaru
Qazlal
Ru
Sif Muna
Trog
Uskayaw
Vehumet
Wu Jian
Xom
Yredelemnul
Zin
The Shining One

Shops:
D:8 (   D:9 *

Annotations:
D:9 3 runed translucent doors
Lair:2 exclusion: 2 oklob plants


Innate Abilities, Weirdness & Mutations

You are resistant to damage.
You can heal yourself by infusing magical energy.
You passively map the area around you.
You do not regenerate.


Message History

The eight-headed hydra bites you but does no damage.
The eight-headed hydra bites you!
* * * LOW HITPOINT WARNING * * *
Cast which spell? (? or * to list)
Aiming: Vampiric Draining (safe; 1% risk of failure)
Press: ? - help, Shift-Dir - straight line, f/p - eight-headed hydra
Aim: an eight-headed hydra (heavily wounded, unusually agile)
The eight-headed hydra is heavily wounded.
You feel life coursing into your body. The eight-headed hydra bites you.
* * * LOW HITPOINT WARNING * * *
The eight-headed hydra bites you!
* * * LOW HITPOINT WARNING * * *
The eight-headed hydra bites you but does no damage.
The eight-headed hydra completely misses you.
The eight-headed hydra bites you!
* * * LOW HITPOINT WARNING * * *
The eight-headed hydra closely misses you. x2
The eight-headed hydra bites you!
You die...
Kikubaaqudgha rasps: "You have failed me!
Welcome... death!"

##..P...#.#..##...........#
#............####.........#
#.........#..# ##..#.##+..#
##..P.....#..###..P........
#........#....##.P........
##...........####.P.....P..
#.........#..####.#.....#..
#........##.....#.#........
##.......D@..<....+........
#.......................#..
##....).#..............P#..
#....###.###...............
##..## #####.............##
#...# #.............###
#...## ##............#
#....## ##P............###
##....####................#


You could see an eight-headed hydra (agile).

Vanquished Creatures
  Harold (D:7)
  A hydra (Lair:1)
  A two-headed ogre (D:8)
  An oklob plant (Lair:1)
  Joseph (D:7)
  A black mamba (Lair:2)
  7 spiny frogs
  A komodo dragon (Lair:3)
  A rime drake (Lair:3)
  4 blink frogs (Lair:2)
  6 hippogriffs
  22 yaks
  2 spriggans (Lair:2)
  Sigmund (D:2)
  Eustachio (D:4)
  A human (D:7)
  A basilisk (D:8)
  A hog (D:6)
  A hungry ghost (D:7)
  Menkaure (D:7)
  5 water moccasins
  10 porcupines
  Duvessa (D:6)
  5 orc warriors
  A slave (D:6)
  2 sky beasts
  An ice beast (D:5)
  7 wolves (Lair:3)
  6 ogres
  8 centaurs
  5 crocodiles
  8 bullfrogs
  A water moccasin zombie (D:5)
  Dowan (D:6)
  3 scorpions
  5 wights (D:6)
  3 howler monkeys
  2 crimson imps (D:9)
  A centaur zombie (D:6)
  A bullfrog zombie (D:5)
  5 orc priests
  4 hounds
  3 jellies
  Crazy Yiuf (D:2)
  2 gnoll shamans
  2 bullfrog skeletons
  A centaur skeleton (D:5)
  7 hell rats (Lair:1)
  4 iguanas
  9 orc wizards
  Ijyb (D:5)
  Natasha (thrice) (D:4)
  4 worker ants
  A hound zombie (D:8)
  Robin (D:1)
  22 gnolls
  16 river rats
  13 adders
  A shadow imp (D:5)
  2 oozes
  An adder zombie (D:5)
  3 worms
  3 dart slugs
  2 leopard geckos
  41 orcs
  9 giant cockroaches
  18 goblins
  16 hobgoblins
  8 jackals
  21 kobolds
  6 quokkas
  6 ball pythons (Sewer)
  4 bats (D:1)
  A frilled lizard (D:2)
  A leopard gecko skeleton (D:7)
  A quokka skeleton (D:7)
  40 rats
415 creatures vanquished.

Vanquished Creatures (collateral kills)
  2 hogs (D:7)
  2 yaks (Lair:2)
  A basilisk (D:8)
  A porcupine (D:8)
  A scorpion (D:8)
  A worker ant (D:5)
  An adder (D:5)
  3 gnolls
  2 dart slugs (D:2)
  A jackal (D:8)
  A frilled lizard (D:1)
  2 rats (D:1)
18 creatures vanquished.

Vanquished Creatures (others)
  Pikel (D:6)
  A sky beast (D:5)
  3 slaves (D:6)
  An orc (D:9)
  3 fungi
  16 plants (Lair:3)
25 creatures vanquished.

Grand Total: 458 creatures vanquished

Notes
Turn   | Place    | Note
-------+----------+-------------------------------------------
     0 | D:1      | Gwenloh the Deep Dwarf Necromancer began the quest for the
                  | Orb.
     0 | D:1      | Reached XP level 1. HP: 15/15 MP: 3/3
   376 | D:1      | Learned a level 1 spell: Animate Skeleton
   421 | D:1      | Reached XP level 2. HP: 14/22 MP: 0/5
  1519 | D:1      | Reached XP level 3. HP: 19/30 MP: 4/6
  1560 | D:1      | Learned a level 3 spell: Vampiric Draining
  2249 | D:2      | Noticed Robin
  2535 | D:1      | Reached skill level 5 in Necromancy
  2856 | D:2      | Reached skill level 1 in Fighting
  2856 | D:2      | Reached XP level 4. HP: 30/38 MP: 1/7
  2945 | D:2      | Noticed Sigmund
  3272 | D:1      | Killed Robin
  4157 | D:2      | Found a runed translucent door.
  4158 | D:2      | Noticed Crazy Yiuf
  4516 | D:2      | Killed Sigmund
  4516 | D:2      | Reached XP level 5. HP: 7/44 MP: 0/9
  4635 | D:2      | Reached XP level 6. HP: 26/52 MP: 3/10
  4864 | D:2      | Found an iron altar of Okawaru.
  5006 | D:2      | Found a sparkling altar of Nemelex Xobeh.
  5009 | D:2      | Found a bloodstained altar of Trog.
  5012 | D:2      | Found an ornate altar of the Wu Jian Council.
  5123 | D:2      | Killed Crazy Yiuf
  5285 | D:3      | Found a snail-covered altar of Cheibriados.
  5538 | D:3      | Reached skill level 6 in Necromancy
  5850 | D:3      | Found a glowing silver altar of Zin.
  5850 | D:3      | Found a hide-covered altar of Uskayaw.
  6505 | D:4      | Found a white marble altar of Elyvilon.
  6553 | D:4      | Noticed Eustachio
  6566 | D:3      | Reached XP level 7. HP: 50/60 MP: 8/12
  6783 | D:4      | Reached skill level 1 in Staves
  7151 | D:4      | Killed Eustachio
  7194 | D:4      | Learned a level 4 spell: Animate Dead
  7200 | D:4      | Learned a level 5 spell: Agony
  7537 | D:4      | Reached skill level 5 in Stealth
  7537 | D:4      | Reached skill level 7 in Necromancy
  7537 | D:4      | Reached XP level 8. HP: 52/68 MP: 1/13
  7890 | D:4      | Noticed Natasha
  7897 | D:4      | Killed Natasha
  7988 | D:4      | Noticed Natasha
  7993 | D:4      | Killed Natasha
  8039 | D:4      | Noticed Natasha
  8068 | D:4      | Killed Natasha
  8256 | D:5      | Entered Level 5 of the Dungeon
  8774 | D:5      | Found a staircase to the Ecumenical Temple.
  8817 | Temple   | Entered the Ecumenical Temple
  9610 | D:5      | Noticed Ijyb
  9618 | D:5      | Killed Ijyb
  9655 | D:5      | Reached skill level 5 in Spellcasting
  9763 | D:5      | Reached skill level 5 in Dodging
  9907 | D:6      | Reached skill level 8 in Necromancy
  9933 | D:6      | Gained mutation: You passively map the area around you.
                  | [Deep Dwarf growth]
  9933 | D:6      | Reached XP level 9. HP: 52/76 MP: 3/15
 10037 | D:6      | Noticed Dowan
 10042 | D:6      | Noticed Duvessa
 10052 | D:6      | Killed Duvessa
 10061 | D:6      | Killed Dowan
 10164 | D:6      | Noticed Pikel
 10181 | D:6      | Killed Pikel
 10279 | D:6      | Found a glowing drain.
 10420 | Sewer    | Entered a sewer
 11711 | D:7      | Noticed Joseph
 11975 | D:7      | Noticed Menkaure
 12347 | D:7      | Killed Joseph
 12347 | D:7      | Reached skill level 9 in Necromancy
 12440 | D:7      | Noticed Harold
 12457 | D:7      | Killed Harold
 12457 | D:7      | Reached XP level 10. HP: 16/87 MP: 3/18
 12658 | D:7      | Killed Menkaure
 12782 | D:7      | Got a pair of polished boots
 12903 | D:7      | Identified the +2 pair of boots of the Iron Devil {Str+2
                  | Int+4} (You found it on level 7 of the Dungeon)
 13129 | D:7      | Found a shadowy altar of Dithmenos.
 13129 | D:7      | Found a radiant altar of Vehumet.
 13731 | D:7      | Found a shimmering blue altar of Sif Muna.
 13786 | D:8      | Noticed a two-headed ogre
 13797 | D:8      | Killed a two-headed ogre
 13797 | D:8      | Reached skill level 5 in Fighting
 13797 | D:8      | Reached skill level 1 in Slings
 13797 | D:8      | Reached skill level 10 in Necromancy
 14298 | D:8      | Found a shimmering altar of Xom.
 14668 | D:8      | Found a staircase to the Lair.
 14697 | D:8      | Reached XP level 11. HP: 93/96 MP: 21/21
 15258 | D:8      | Found Unihisag's Antique Weapon Emporium.
 15266 | D:8      | Bought a runed quarterstaff for 126 gold pieces
 15604 | Lair:1   | Entered Level 1 of the Lair of Beasts
 15737 | Lair:1   | Noticed an oklob plant
 15784 | Lair:1   | Reached skill level 1 in Evocations
 16103 | Lair:1   | Noticed a four-headed hydra
 16278 | D:9      | Reached skill level 5 in Staves
 16316 | D:9      | Found an ancient bone altar of Kikubaaqudgha.
 16323 | D:9      | Became a worshipper of Kikubaaqudgha
 16362 | D:9      | Found a runed translucent gate.
 16363 | D:9      | Found a runed translucent gate.
 16364 | D:9      | Found a runed translucent gate.
 16397 | D:9      | Found Fisuavag's Assorted Antiques.
 16412 | D:9      | Bought a scroll of identify for 48 gold pieces
 16412 | D:9      | Bought a scroll of identify for 48 gold pieces
 16556 | D:9      | Found an iron altar of Okawaru.
 17151 | D:9      | Found a staircase to the Orcish Mines.
 17356 | Lair:1   | Killed a four-headed hydra
 17524 | Lair:1   | Reached * piety under Kikubaaqudgha
 17524 | Lair:1   | Identified Kikubaaqudgha's Disquisition on Evil
                  | (Kikubaaqudgha gifted it to you on level 1 of the Lair of
                  | Beasts)
 17524 | Lair:1   | Received a gift from Kikubaaqudgha
 18062 | Lair:1   | Reached skill level 11 in Necromancy
 18200 | Lair:1   | Learned a level 5 spell: Excruciating Wounds
 18487 | Lair:1   | Killed an oklob plant
 19387 | Lair:2   | Reached ** piety under Kikubaaqudgha
 19549 | Lair:2   | Reached XP level 12. HP: 89/105 MP: 11/23
 19746 | Lair:2   | Upgraded the game from 0.25-a0-1130-g3926558f3a to
                  | 0.25-a0-1133-g93ebf739aa
 19790 | Lair:2   | HP: 2/105 [yak (15)]
 20315 | Lair:3   | Learned a level 2 spell: Corpse Rot
 20356 | Lair:3   | Noticed an eight-headed hydra
 20793 | Lair:3   | Noticed a five-headed hydra
 21518 | Lair:3   | Reached skill level 5 in Evocations
 22006 | Lair:3   | HP: 2/106 [eight-headed hydra (8)]
 22006 | Lair:3   | Slain by an eight-headed hydra

Illustrated notes

Levels and vault maps discovered:
D:1:      dpeg_arrival_snail, layout_loops_ring, kennysheep_crisscross,
          serial_bayou_lake_a
D:2:      layout_loops_ring, grunt_temple_overflow_diamond,
          okawaru_altar_gauntlet_db, uniq_robin, uniq_crazy_yiuf_cottage,
          uniq_sigmund
D:3:      layout_loops_corners, gammafunk_temple_overflow_wave,
          old_standard_altar, first_ration
D:4:      layout_basic, elyvilon_altar_5, kennysheep_cross_room, uniq_natasha,
          uniq_eustachio
D:5:      minmay_chambers_of_threes, layout_basic, minmay_temple_entry_wispy,
          minmay_misc_feat_alley, uniq_ijyb
D:6:      layout_rooms, gup_sewer_entry_glass, uniq_pikel, uniq_duvessa
D:7:      layout_cave_pools, gammafunk_temple_overflow_elements, tgw_sif,
          grunt_livestock, uniq_menkaure, uniq_joseph, uniq_harold
D:8:      layout_gridville, xom_butterflies, minmay_lair_entry_grove,
          special_room [special_room_orc], serial_shops, shop
D:9:      layout_loops_ring, kennysheep_mini, old_standard_altar, erik_orc_1,
          gammafunk_ghost_spectres, serial_shops, shop, lemuel_centaur_altar
Temple:   nicolae_temple_figure_zero
Lair:1:   lemuel_ratsnest, layout_gridlike, minmay_lair_oklob_items,
          cheibrodos_lair_caveside_slide
Lair:2:   wad_woods_tower, layout_chaotic_city, grunt_megastairs_5,
          infiniplex_staircase_pool_2, minmay_lair_oklob_chamber
Lair:3:   layout_chaotic_city, serial_bayou_ford_a

Skill      XL: |  1  2  3  4  5  6  7  8  9 10 11 12 |
---------------+-------------------------------------+-----
Spellcasting   | 2 3 4 5 6 7 8 |  8.9
Necromancy     | 5 6 7 8 9 10 11 | 11.9
Stealth        | 3 4 5 7 8 |  8.0
Fighting       | 1 2 3 4 5 6 |  6.5
Dodging        | 3 4 5 6 7 8 |  8.3
Staves         | 1 2 3 4 5 6 |  6.0
Slings         | 2 4 |  4.9
Evocations     | 4 5 |  5.1

Action                   |  1- 3 |  4- 6 |  7- 9 | 10-12 || total
-------------------------+-------+-------+-------+-------++-------
Melee: Unarmed           |    22 |       |       |       ||    22
       Club              |    10 |       |       |       ||    10
       Dagger            |     7 |    24 |       |       ||    31
       Quarterstaff      |       |    32 |   179 |   294 ||   505
 Fire: Hunting sling     |       |    65 |   143 |   147 ||   355
Throw: Stone             |    10 |     5 |     4 |       ||    19
       Boomerang         |       |       |     5 |    25 ||    30
 Cast: Pain              |    55 |    24 |    24 |    24 ||   127
       Animate Skeleton  |     8 |     4 |     6 |     4 ||    22
       Vampiric Draining |     9 |    46 |   107 |   250 ||   412
       Animate Dead      |       |       |     5 |    10 ||    15
       Agony             |       |       |       |     1 ||     1
       Excruciating Woun |       |       |       |     3 ||     3
       Corpse Rot        |       |       |       |     2 ||     2
 Abil: Heal Wounds       |       |     1 |     1 |     3 ||     5
       Evoke Flight      |       |       |       |     1 ||     1
       Evoke Invisibilit |       |       |       |     3 ||     3
Evoke: Wand              |       |       |       |    11 ||    11
  Use: Scroll            |       |       |     9 |     3 ||    12
       Potion            |       |       |     4 |     1 ||     5
 Stab: Paralysed         |       |       |     1 |     2 ||     3
       Petrified         |       |       |       |     4 ||     4
       Invisible         |       |       |       |     7 ||     7
       Petrifying        |       |       |       |     1 ||     1
       Distracted        |       |       |       |     1 ||     1
  Eat: Chunk             |     8 |    16 |    20 |    26 ||    70
       Ration            |       |       |     2 |     2 ||     4
Armor: Robe              |    12 |    15 |    42 |    70 ||   139
Dodge: Dodged            |    57 |    87 |   199 |   472 ||   815

Table legend:
 A = Non-vault XP
 B = Vault XP
 C = Vault XP percentage of total XP
 D = Non-vault monster count
 E = Vault monster count
 F = Vault count percentage of total count
                 A         B        C        D         E       F
            +---------+---------+-------+---------+---------+-------
      Total |   17040 |   11396 |  40.1 |     235 |     199 |  45.9
            +---------+---------+-------+---------+---------+-------
        D:1 |      83 |      27 |  24.5 |      36 |       7 |  16.3
        D:2 |      52 |     296 |  85.1 |      15 |      14 |  48.3
        D:3 |     231 |       0 |   0.0 |      17 |       0 |   0.0
        D:4 |     728 |     238 |  24.6 |      24 |       2 |   7.7
        D:5 |     502 |     489 |  49.3 |      20 |       8 |  28.6
        D:6 |     996 |     722 |  42.0 |      19 |       8 |  29.6
        D:7 |    1167 |    2187 |  65.2 |      19 |       8 |  29.6
        D:8 |    1609 |    2414 |  60.0 |      23 |      37 |  61.7
        D:9 |     510 |     871 |  63.1 |       8 |      16 |  66.7
     Lair:1 |    2139 |    1994 |  48.2 |      10 |      43 |  81.1
     Lair:2 |    4319 |    2017 |  31.8 |      23 |       8 |  25.8
     Lair:3 |    4704 |       0 |   0.0 |      21 |       0 |   0.0
      Sewer |       0 |     141 | 100.0 |       0 |      48 | 100.0
            +---------+---------+-------+---------+---------+-------
